 Dungeon Crawl Stone Soup version 0.31.0-32-g396128a36d (webtiles) character file.

Game seed: 6300289950604345935

231 araganzar the Ruffian (level 5, 0/38 HPs)
             Began as a Demonspawn Reaver on Apr 19, 2024.
             Slain by Pikel
             ... wielding a +2 whip of electrocution
              (17 damage)
             ... on level 3 of the Dungeon.
             The game lasted 00:07:26 (2526 turns).

araganzar the Ruffian (Demonspawn Reaver)           Turns: 2526, Time: 00:07:27

Health: 0/38       AC:  6    Str: 14    XL:     5   Next: 73%
Magic:  8/8        EV:  9    Int: 13    God:
Gold:   79         SH:  0    Dex: 12    Spells: 7/8 levels left

rFire   . .          .
                       - Unarmed
rCold   . . .        (no shield)
rNeg    . . .        p - +0 scale mail
rPois   .            (no helmet)
rElec   .            (no cloak)
rCorr   .            (no gloves)
SInv    +            (no boots)
Will    .....        o - amulet of regeneration {+regen, !d} Stlth
                     l - ring of see invisible {sInv, !d}
HPRegen 1.06/turn    (no ring)
MPRegen 0.11/turn

%: no passive effects
@: no status effects
A: claws 1, weakness stinger 1
a: no special abilities


You were on level 3 of the Dungeon.
You visited 1 branch of the dungeon, and saw 4 of its levels.

You collected 79 gold pieces.


Innate Abilities, Weirdness & Mutations

You have sharp fingernails.
You have a small tail.


   Skills:
 + Level 2.0 Fighting
 - Level 1.7 Dodging
 + Level 6.0 Unarmed Combat
 - Level 2.0 Spellcasting
 - Level 3.0 Conjurations


You had 7 spell levels left.
You knew the following spells:

 Your Spells              Type           Power      Damage    Failure   Level
a - Kiss of Death         Conj/Necr      20%        2d7       52%         1

Your spell library contained the following spells:

 Spells                   Type           Power      Damage    Failure   Level
 Momentum Strike          Conj/Tloc      10%        3d8       67%         2
 Hailstorm                Conj/Ice       5%         3d5       88%         3

Inventory:

Hand Weapons
 a - a +0 sling
   (You took it off a goblin on level 2 of the Dungeon)
 r - a +0 sling
   (You took it off a goblin on level 3 of the Dungeon)
Armour
 b - a +0 leather armour
 j - an orb of guile
   (You found it on level 1 of the Dungeon)
 p - a +0 scale mail (worn)
   (You found it on level 2 of the Dungeon)
 s - a +0 pair of gloves
   (You found it on level 3 of the Dungeon)
Jewellery
 l - a ring of see invisible (left claw) {sInv, !d}
   (You found it on level 2 of the Dungeon)
 o - an amulet of regeneration (around neck) {+regen, !d}
   (You found it on level 2 of the Dungeon)
Talismans
 t - a flux talisman
   (You found it on level 4 of the Dungeon)
Scrolls
 e - a scroll of fear {unknown}
 f - a scroll of enchant weapon {unknown}
 m - a scroll of enchant armour {unknown}
 n - a scroll of immolation {!r}
 q - 3 scrolls of noise {unknown}
Potions
 c - a potion of haste
 d - 2 potions of attraction {!q}
 g - a potion of curing
 h - a potion of resistance {unknown}
 i - 3 potions of mutation {!q}
 k - a potion of might

###### ############
#.....
#...5..^...#####.....
#...5K.....'...'.....
#..5@......#####.....
####'####..##........
#.#...........)...
#.................
#.................
#...#####..##.....
#.......#.........
#.#####.##.####...
###~≈~####.# #...


You could see Pikel and 3 lemures.


Message History

You claw the lemure! You tail-slap the lemure. The lemure barely misses you.
You claw the lemure!
You kill the lemure!
That felt strangely unrewarding.
You see here a +0 morningstar.
There is a stone staircase leading down here.
Health restored: 38 You climb downwards.
Pikel shouts!
The lemure shouts! x2
The lemure barely misses you. Pikel hits you but does no damage.
You are electrocuted!
There is a stone staircase leading up here.
You take 8 damage, and have 30/38 hp.
MASSIVE DAMAGE!!
The lemure hits you but does no damage. Pikel barely misses you.
The lemure hits you. The lemure hits you but does no damage.
You climb upwards.
There is a stone staircase leading down here.
Unknown command.
Unknown command.
Pikel hits you with a +2 whip of electrocution.
The lemure attacks as it pursues you! The lemure barely misses you.
The lemure hits you!
You take 8 damage, and have 22/38 hp.
MASSIVE DAMAGE!!
You open the door.
Pikel hits you with a +2 whip of electrocution.
You are electrocuted!
You die...
Pikel says, "Another soul for the market."

Action                     |  1- 3 |  4- 6 || total
---------------------------+-------+-------++-------
  Melee: Unarmed           |   162 |    94 ||   256
         Punch             |     4 |     1 ||     5
         Tailslap          |       |    11 ||    11
   Fire: Sling             |     5 |       ||     5
    Use: Scroll            |     3 |     1 ||     4
         Potion            |     1 |     1 ||     2
 Armour: Leather armour    |    74 |       ||    74
         Scale mail        |    24 |    70 ||    94
  Dodge: Dodged            |   101 |    51 ||   152

Levels and vault maps discovered:
D:1:      amcnicky_arrival_blooded_trapdoor, layout_rooms
D:2:      wander_river, layout_loops_cross, basic_altar,
          shapermc_ecumenical_altar_petra
D:3:      layout_basic, lemuel_tele_altar, nicolae_underground_beach
D:4:      layout_layer_cave, nicolae_gozag_zags_fifth_avenue, temple_statues,
          serial_glass, glass_columns_c, glass_columns_c, uniq_pikel,
          uniq_sigmund, uniq_ijyb

Notes
Turn   | Place    | Note
-------+----------+-------------------------------------------
     0 | D:1      | araganzar the Demonspawn Reaver began the quest for the
                  | Orb.
     0 | D:1      | Reached XP level 1. HP: 16/16 MP: 3/3
    30 | D:1      | Reached skill level 3 in Unarmed Combat
   122 | D:1      | Discovered your monstrous ancestry.
   122 | D:1      | Gained mutation: You have sharp fingernails. [demonic
                  | ancestry]
   122 | D:1      | Reached XP level 2. HP: 19/22 MP: 5/5
   424 | D:1      | Reached XP level 3. HP: 27/27 MP: 6/6
   754 | D:2      | Reached skill level 4 in Unarmed Combat
  1245 | D:2      | Found a basalt altar of Yredelemnul.
  1343 | D:2      | Found a faded altar of an unknown god.
  1513 | D:3      | Found a radiant altar of Vehumet.
  1591 | D:3      | Gained mutation: You have a small tail. [demonic ancestry]
  1591 | D:3      | Reached XP level 4. HP: 29/33 MP: 7/7
  2039 | D:3      | Reached skill level 5 in Unarmed Combat
  2080 | D:3      | Reached XP level 5. HP: 30/38 MP: 8/8
  2439 | D:4      | Reached skill level 6 in Unarmed Combat
  2458 | D:4      | Noticed a lemure
  2475 | D:3      | Killed a lemure
  2522 | D:4      | Noticed Pikel
  2522 | D:4      | Noticed a lemure
  2522 | D:4      | Noticed a lemure
  2522 | D:4      | Noticed a lemure
  2522 | D:4      | Noticed Sigmund
  2526 | D:3      | Slain by Pikel

Vanquished Creatures
  A lemure (D:3)
  5 orc wizards (D:3)
  3 gnolls (D:3)
  An adder (D:3)
  A dart slug (D:1)
  A ribbon worm (D:3)
  7 orcs
  6 ball pythons
  6 endoplasms
  A giant cockroach (D:2)
  6 goblins
  6 hobgoblins
  4 jackals (D:1)
  4 kobolds
  4 quokkas
  5 bats
  2 frilled lizards
  6 rats
69 creatures vanquished.
